 Dungeon Crawl Stone Soup version 0.31-a0-1-g4198be8af4 (webtiles) character file.

Game seed: 18360133985297941285

401 lunkers the Firebug (level 7, -1/50 HPs)
             Began as a Meteoran Fire Elementalist on May 1, 2023.
             Was an Initiate of Sif Muna.
             Slain by an orc wizard
             ... wielding a +0 dagger
              (2 damage)
             ... on level 6 of the Dungeon.
             The game lasted 00:04:21 (1521 turns).

lunkers the Firebug (Meteoran Fire Elementalist)    Turns: 1521, Time: 00:04:22

Health: -1/50      AC:  3    Str:  9    XL:     7   Next: 33%
Magic:  5/16       EV: 12    Int: 20    God:    Sif Muna [......]
Gold:   158        SH:  0    Dex: 14    Spells: 13/16 levels left

rFire   . . .        c - +0 dagger (protect)
rCold   . . .        (no shield)
rNeg    . . .        a - +0 robe
rPois   .            (no helmet)
rElec   .            (no cloak)
rCorr   .            i - +0 pair of gloves
SInv    .            (no boots)
Will    .....        (no amulet)
Stlth   +            (no ring)
HPRegen 0.28/turn    (no ring)
MPRegen 0.15/turn

%: no passive effects
@: glowing
A: sense surroundings 1, otherworldly, glowing, explore regen
a: Renounce Religion


You were on level 6 of the Dungeon.
You worshipped Sif Muna.
Sif Muna was noncommittal.
You visited 1 branch of the dungeon, and saw 6 of its levels.

You collected 158 gold pieces.

Inventory:

Hand Weapons
 c - a +0 dagger of protection (weapon)
Armour
 a - a +0 robe (worn)
 i - a +0 pair of gloves (worn)
Wands
 n - a wand of polymorph (3)
Scrolls
 e - 2 scrolls of noise {unknown}
 f - 2 scrolls of magic mapping {unknown}
 h - 3 scrolls of identify {unknown}
 p - a scroll of amnesia {unknown}
 q - 2 scrolls of fear {unknown}
 r - a scroll of blinking {unknown}
 s - a scroll of enchant armour {unknown}
Potions
 b - a potion of magic
 d - a potion of mutation {unknown}
 g - 5 potions of flight {unknown}
 j - a potion of attraction {unknown}
 k - a potion of curing {unknown}
 l - a potion of resistance {unknown}
 m - a potion of heal wounds {unknown}
 o - a potion of brilliance {unknown}


   Skills:
 - Level 2.4 Dodging
 - Level 1.4 Stealth
 + Level 5.3 Spellcasting
 - Level 1.2 Conjurations
 * Level 7.6 Fire Magic


You had 13 spell levels left.
You knew the following spells:

 Your Spells              Type           Power      Damage    Failure   Level
a - Foxfire               Conj/Fire      92%        2x1d8     1%          1
b - Scorch                Fire           72%        2d8       1%          2

Your spell library contained the following spells:

 Spells                   Type           Power      Damage    Failure   Level
 Inner Flame              Hex/Fire       20%        N/A       7%          3
 Volatile Blastmotes      Fire/Tloc      40%        2d13      7%          3
 Flame Wave               Conj/Fire      23%        2d8       19%         4
 Petrify                  Tmut/Erth      5%         N/A       73%         4
 Metabolic Englaciation   Hex/Ice        2%         N/A       97%         5
 Statue Form              Tmut/Erth      3%         N/A       100%        6


Dungeon Overview and Level Annotations

Branches:
Dungeon (6/15) Zot: 2080
 Temple: D:4-7

Altars:
Qazlal
Sif Muna
Uskayaw


Innate Abilities, Weirdness & Mutations

You passively map a small area around you.
You are easily found by Zot.
You glow in the dark.
You regain HP and MP as you explore.


Message History

Unknown command.
Casting: Foxfire (safe; 1% risk of failure)
Press: ? - help, Q - select action, (/) - cycle Dir - look around, f - activate You conjure some foxfire!
The foxfire hits the orc wizard.
The orc wizard is severely wounded.
The foxfire hits the ogre!
The ogre is heavily wounded.
The orc wizard hits you but does no damage.
The orc hits you with a +0 club. The ogre closely misses you.
Unknown command.
Unknown command.
Casting: Foxfire (safe; 1% risk of failure)
Press: ? - help, Q - select action, (/) - cycle Dir - look around, f - activate You conjure some foxfire!
The foxfire hits the orc wizard.
The orc wizard is severely wounded.
The foxfire hits the ogre.
The ogre is severely wounded.
The orc wizard hits you with a +0 dagger.
* * * LOW HITPOINT WARNING * * *
The orc hits you with a +0 club.
* * * LOW HITPOINT WARNING * * *
The ogre hits you with a +0 giant club!!
Ouch! That really hurt!
* * * LOW HITPOINT WARNING * * *
Unknown command.
Casting: Foxfire (safe; 1% risk of failure)
Press: ? - help, Q - select action, (/) - cycle Dir - look around, f - activate You conjure some foxfire!
The foxfire hits the ogre!
You kill the ogre!
Sif Muna accepts your kill. The orc hits you with a +0 club.
* * * LOW HITPOINT WARNING * * *
The orc wizard hits you but does no damage.
Unknown command.
The orc wizard attacks as you move away!
The orc wizard hits you with a +0 dagger.
You die...

,.#### ...###
_#.##.....## * ,,,,
#.........# 8
#.........# * * *
#....#..... *
######...##..#*, * * ,
#...##......##,
#........vv..##..#
#.......#v@)).(.#
#.......#.oo...... ,
#.....[..........# ,
##................
*########........?......
....#............#.#...
,
*#.........##.#..#.#...
##.......#...#..... ..,
, ##......#.....# ,


You could see an orc wizard (ally target) and an orc.

Vanquished Creatures
  An ogre (D:6)
  A phantom (D:4)
  A centaur zombie (D:5)
  An orc priest (D:4)
  A hound (D:6)
  An iguana (D:6)
  A scorpion zombie (D:5)
  An orc wizard (D:4)
  2 adders
  A howler monkey skeleton (D:5)
  7 orcs
  An endoplasm (D:1)
  5 giant cockroaches
  6 goblins
  3 hobgoblins
  4 jackals
  2 quokkas
  3 ball pythons
  3 bats
  3 frilled lizards
  A kobold (D:1)
  7 rats
56 creatures vanquished.

Vanquished Creatures (others)
  128 foxfires
128 creatures vanquished.

Grand Total: 184 creatures vanquished

Notes
Turn   | Place    | Note
-------+----------+-------------------------------------------
     0 | D:1      | lunkers the Meteoran Fire Elementalist began the quest for
                  | the Orb.
     0 | D:1      | Reached XP level 1. HP: 14/14 MP: 5/5
    70 | D:1      | Reached XP level 2. HP: 20/20 MP: 3/6
    76 | D:1      | Reached skill level 4 in Fire Magic
   208 | D:1      | Learned a level 2 spell: Scorch
   460 | D:1      | Reached XP level 3. HP: 26/26 MP: 5/8
   500 | D:1      | Glimpsed the power of Zot.
   550 | D:1      | Glimpsed the power of Zot.
   851 | D:3      | Reached XP level 4. HP: 33/33 MP: 7/10
   856 | D:3      | Reached skill level 5 in Fire Magic
  1031 | D:4      | Noticed a phantom
  1035 | D:4      | Killed a phantom
  1036 | D:4      | Reached XP level 5. HP: 34/38 MP: 3/12
  1134 | D:4      | Reached skill level 6 in Fire Magic
  1138 | D:4      | Reached XP level 6. HP: 39/45 MP: 1/13
  1215 | D:4      | You fall into a shaft and drop 2 floors!
  1257 | D:6      | Found a stormy altar of Qazlal.
  1282 | D:6      | Found a shimmering blue altar of Sif Muna.
  1287 | D:6      | Became a worshipper of Sif Muna the Loreminder
  1314 | D:5      | Entered Level 5 of the Dungeon
  1350 | D:5      | Reached skill level 7 in Fire Magic
  1373 | D:6      | Reached skill level 5 in Spellcasting
  1373 | D:6      | Reached XP level 7. HP: 17/50 MP: 0/15
  1509 | D:6      | Found a hide-covered altar of Uskayaw.
  1519 | D:6      | HP: 1/50 [ogre/+0 giant club (26)]
  1521 | D:6      | Slain by an orc wizard

Illustrated notes

Levels and vault maps discovered:
D:1:      eino_arrival_cavern_d, layout_basic, serial_co_window_serial,
          co_window_of_opportunity_a, co_window_cross_1, co_window_paths_a,
          co_window_paths_a, co_window_corner_a, co_window_broadway_a,
          co_window_broadway_a, co_window_corner_cb, co_window_corner_b,
          co_window_corner_b, co_window_paths_c, glass_columns_c,
          glass_columns_c, glass_columns_c, glass_columns_b, glass_columns_b,
          minmay_3d_cube
D:2:      layout_basic
D:3:      layout_rooms, minivault_26, kennysheep_pointless_box
D:4:      layout_cave_pods
D:5:      layout_basic, minmay_temple_entry_tees, serial_undead,
          serial_undead_f, serial_undead_e, serial_undead_c, serial_undead_f,
          serial_undead_e, serial_undead_c, serial_undead_d, serial_undead_f,
          hangedman_feature_mirror, uniq_pikel
D:6:      layout_cave_pools, zin_statuary, mainiacjoe_overflow_two_lobes,
          nicolae_overflow_hidden_temple

Skill      XL: |  1  2  3  4  5  6 |
---------------+-------------------+-----
Fire Magic     | 4 5 6 7 |  7.6
Spellcasting   | 3 4 5 |  5.3
Dodging        | |  2.4
Stealth        | |  1.4
Conjurations   | |  1.2

Action                     |  1- 3 |  4- 6 |  7- 9 || total
---------------------------+-------+-------+-------++-------
  Melee: Unarmed           |     1 |       |       ||     1
         Punch             |     1 |       |       ||     1
         Dagger            |     2 |    21 |     4 ||    27
   Cast: Foxfire           |    39 |    28 |     8 ||    75
         Scorch            |    11 |    19 |     5 ||    35
 Armour: Robe              |     6 |    25 |     5 ||    36
  Dodge: Dodged            |    10 |    18 |     7 ||    35

Table legend: (Time is in decaauts)
 A = Elapsed time spent in this place.
 B = Non-inter-level travel time spent in this place.
 C = Inter-level travel time spent in this place.
 D = Time resting spent in this place.
 E = Time spent auto-exploring this place.
 F = Levels seen in this place.
 G = Mean time per level.
                   A        B        C        D        E       F      G
               +--------+--------+--------+--------+--------+-----+--------+
         Total |   1519 |   1450 |     69 |      0 |   1032 |   6 |  253.2 |
       Dungeon |   1519 |   1450 |     69 |      0 |   1032 |   6 |  253.2 |
               +--------+--------+--------+--------+--------+-----+--------+

Top non-repeatable levels by time:
     D:1: 559 daAuts
     D:2: 277 daAuts
     D:6: 251 daAuts
     D:3: 192 daAuts
     D:4: 183 daAuts
     D:5: 54 daAuts
